cohdb
Replays
Latest Replays
All Replays
Popular Replays
Top Player Replays
Match Explorer
How It Works
Community
CoH3 Stats
Reddit
Sign in to upload your games and track your stats! →
Sign in with Steam
Match 42673033
Unlisted
Match 42673033
Overview
Messages
Build Orders
End
Vickers Machine Gun Team
Construct Section Command Post
Selects Heavy Armor Battlegroup
Dingo Light Scout Car
Infantry Section
Infantry Section
Grenade Package
Construct Platoon Command Post
Selects Rigorous Vehicle Training
Selects Light Vehicle Withdraw and Refit
Humber Armored Car
Royal Engineer Section
Selects Forward Repair Assembly
6-pounder Anti-tank Gun Team
Selects Radio Net
Unlock Bishop Self-propelled Artillery
Infantry Section
Construct Field Infirmary
Infantry Training
Bishop Self-propelled Artillery
Bishop Self-propelled Artillery
Selects Recon Artillery
Construct Company Command Post
Recon Artillery
Foot Guards Section
Radio Net
Crusader II Medium Tank
Nagatopha
Hometown
pan720820
Spijkerbroek
Valar[M]orgHulis
Andrey Gubin
BerlinTiger
Dario
0
0
Comments
sign in to comment!
No comments posted yet!